 Dungeon Crawl Stone Soup version 0.28-a0-1506-g3893175d92 (webtiles) character file.

Game seed: 5096367040265266994

77 murtidash the Magician (level 4, -1/31 HPs)
             Began as a Djinni Ice Elementalist on Jan 13, 2022.
             Killed by nerve-wracking pain
             ... invoked by Grinder
              (13 damage)
             ... on level 3 of the Dungeon.
             The game lasted 00:04:18 (2104 turns).

murtidash the Magician (Djinni Ice Elementalist)    Turns: 2104, Time: 00:04:18

Health: -1/31      AC:  9    Str:  7    XL:     4   Next: 60%
Gold:   134        EV: 12    Int: 19    God:
                   SH:  0    Dex: 13

rFire   + + +      SeeInvis .   g - +0 short sword
rCold   . . .      Faith    .   (no shield)
rNeg    . . .      Spirit   .   a - +0 robe
rPois   ∞          Reflect  .   (no helmet)
rElec   +          Harm     .   k - +0 cloak
rCorr   +          Rampage  .   (no gloves)
Will    .....                   (boots unavailable)
Stlth   ++........              (no amulet)
HPRegen 0.10/turn               (no ring)
MPRegen 0.00/turn               (no ring)

@: ice-armoured, resistant, flying
A: sickness immunity, fire resistance 2, cold vulnerability 1, float, innate
caster, hp casting, extra vitality 1
a: no special abilities


You were on level 3 of the Dungeon.
You visited 1 branch of the dungeon, and saw 3 of its levels.

You collected 134 gold pieces.

Inventory:

Hand Weapons
 g - a +0 short sword (weapon)
   (You found it on level 1 of the Dungeon)
Armour
 a - a +0 robe (worn)
 k - a +0 cloak (worn)
   (You found it on level 2 of the Dungeon)
Magical Staves
 o - a staff of death {rN+}
   (You found it on level 2 of the Dungeon)
Jewellery
 n - a +6 ring of dexterity
   (You found it on level 2 of the Dungeon)
Wands
 p - a wand of flame (20)
   (You found it on level 3 of the Dungeon)
Scrolls
 b - 3 scrolls of magic mapping {unknown}
 f - a scroll of fog {unknown}
 j - 4 scrolls of identify {unknown}
 l - 2 scrolls of teleportation {unknown}
 m - a scroll of enchant armour {unknown}
Potions
 c - 2 potions of flight {unknown}
 d - a potion of haste {unknown}
 e - a potion of resistance
 h - a potion of curing
 i - a potion of heal wounds {unknown}


   Skills:
 - Level 2.1 Dodging
 - Level 1.5 Stealth
 + Level 4.5 Spellcasting


You couldn't memorise any spells.
You knew the following spells:

 Your Spells              Type           Power      Damage    Failure   Level
c - Foxfire               Conj/Fire      84%        2x1d8     1%          1
g - Frozen Ramparts       Ice            42%        1d6       6%          3
A - Ozocubu's Armour      Ice            21%        N/A       6%          3
X - Hailstorm             Conj/Ice       21%        3d6       21%         4
Z - Freeze                Ice            84%        1d10      1%          1
Your spell library was empty.

Dungeon Overview and Level Annotations

Branches:
Dungeon (3/15)

Altars:
Ru

Annotations:
D:3 Grinder


Innate Abilities, Weirdness & Mutations

You are immune to sickness and miasma.
You are immune to poison.
Your flesh is very heat resistant. (rF++)
You are vulnerable to cold. (rC-)
You float through the air rather than walking.
You learn spells naturally, not from books.
Your magical power is your life essence.
You have superior vitality. (+4 MHP)


Message History

You kill the quokka!
The adder barely misses you.
You take 1 damage, and have 27/31 hp.
Aim: an adder You freeze the adder.
The adder bites you.
You take 2 damage, and have 25/31 hp.
Aim: an adder (moderately wounded)
You freeze the adder!
The adder seems to slow down.
The adder closely misses you.
You take 1 damage, and have 24/31 hp.
Aim: an adder (almost dead, slow)
You freeze the adder.
You kill the adder!
You take 1 damage, and have 23/31 hp.
You can't see any susceptible monsters within range! (Use Z to cast anyway.)
You can't see any susceptible monsters within range! (Use Z to cast anyway.)
A giant cockroach comes into view.
You regained 3 hp, and now have 26/31 hp.
You can't see any susceptible monsters within range! (Use Z to cast anyway.)
You hit the giant cockroach but do no damage.
The giant cockroach bites you but does no damage.
Aim: a giant cockroach You freeze the giant cockroach.
The giant cockroach bites you but does no damage.
You take 1 damage, and have 26/31 hp.
Aim: a giant cockroach (heavily wounded)
You freeze the giant cockroach!
You kill the giant cockroach!
You take 1 damage, and have 25/31 hp.
You can't see any susceptible monsters within range! (Use Z to cast anyway.)
You can't see any susceptible monsters within range! (Use Z to cast anyway.)
p - a wand of flame (20) Health restored: 31 You see here a giant cockroach corpse.
A frilled lizard comes into view.
A frilled lizard is nearby!
The frilled lizard hisses angrily.
The frilled lizard barely misses you.
You closely miss the frilled lizard. The frilled lizard misses you.
A frilled lizard is nearby!
Aim: a frilled lizard You freeze the frilled lizard.
You kill the frilled lizard!
You take 1 damage, and have 30/31 hp.
You can't see any susceptible monsters within range! (Use Z to cast anyway.)
You see here a +0 leather armour.
You now have 134 gold pieces (gained 10).
You see here a +0 leather armour.
Grinder comes into view.
Grinder shouts!
You hear an angry hiss.
A rat comes into view.
Health restored: 31 The walls around you are covered in ice.
You take 3 damage, and have 28/31 hp.
The wall freezes the rat.
The wall freezes the rat.
You kill the rat!
A film of ice covers your body!
Grinder resists.
The wall freezes Grinder.
You take 3 damage, and have 25/31 hp.
You conjure some foxfire!
Grinder completely resists.
The wall freezes Grinder but does no damage.
Grinder grins, showing sharp teeth.
Grinder gestures at you.
You suddenly lose the ability to move!
The foxfire hits Grinder!
The foxfire hits Grinder.
Grinder completely resists.
The wall freezes Grinder but does no damage.
Grinder hits you.
You writhe in agony.
Grinder resists.
The wall freezes Grinder.
Grinder gestures at you. Pain shoots through your body!
You can move again.
You take 12 damage, and have 13/31 hp.
MASSIVE DAMAGE!!
You conjure some foxfire!
Grinder resists.
The wall freezes Grinder.
Grinder hits you!
* * * LOW HITPOINT WARNING * * *
You writhe in agony.
* * * LOW HITPOINT WARNING * * *
You take 8 damage, and have 5/31 hp.
MASSIVE DAMAGE!!
It was a potion of resistance.
You feel protected.
The foxfire hits Grinder.
The foxfire hits Grinder!
Grinder resists.
The wall freezes Grinder.
Grinder says, "There's only one good use for a tongue: cutting it out."
Grinder barely misses you.
It was a potion of curing.
You feel better.
The frozen ramparts melt away.
Grinder gestures at you.
You suddenly lose the ability to move!
Grinder hits you!
* * * LOW HITPOINT WARNING * * *
You can move again.
You take 1 damage, and have 4/31 hp.
Okay, then.
Unknown command.
Okay, then.
Unknown command.
Unknown command.
You feel better. Grinder gestures at you. Pain shoots through your body!
You die...

### #.. #.# #.#
###################.#
#................##.#
#.##@.##............#
##5##.#.##.##.####
#†#######.##.## ...
#.##..# ..#.. #.###.#
..# #.. #.# #.### 5.#
#.. #)# #.##. ..# #..
#.###.##. #.#
#.##.##...#.


You could see Grinder.

Vanquished Creatures
  Crazy Yiuf (D:2)
  2 adders
  3 ball pythons
  An endoplasm (D:3)
  A giant cockroach (D:3)
  5 goblins
  3 hobgoblins
  A quokka (D:3)
  2 bats
  6 frilled lizards
  3 kobolds
  3 rats
31 creatures vanquished.

Vanquished Creatures (others)
  12 foxfires
12 creatures vanquished.

Grand Total: 43 creatures vanquished

Notes
Turn   | Place    | Note
-------+----------+-------------------------------------------
     0 | D:1      | murtidash the Djinni Ice Elementalist began the quest for
                  | the Orb.
     0 | D:1      | Reached XP level 1. HP: 15/15 MP: 0/0
   418 | D:1      | Reached XP level 2. HP: 20/21 MP: 0/0
   857 | D:2      | Reached XP level 3. HP: 23/25 MP: 0/0
   857 | D:2      | Learned a level 1 spell: Foxfire
   934 | D:2      | Found a faded altar of an unknown god.
  1160 | D:2      | Found a runed translucent door.
  1161 | D:2      | Noticed Crazy Yiuf
  1273 | D:2      | Reached skill level 4 in Spellcasting
  1434 | D:2      | Killed Crazy Yiuf
  1435 | D:2      | Reached XP level 4. HP: 20/31 MP: 0/0
  1806 | D:3      | Found a sacrificial altar of Ru.
  2091 | D:3      | Noticed Grinder
  2097 | D:3      | Paralysed by Grinder for 3 turns
  2100 | D:3      | HP: 6/31 [Grinder (7)]
  2102 | D:3      | Paralysed by Grinder for 2 turns
  2104 | D:3      | Killed from afar by Grinder

Illustrated notes

Levels and vault maps discovered:
D:1:      evilmike_arrival_hilbert_curve, layout_rooms
D:2:      layout_basic, shapermc_ecumenical_altar_starsandcircs,
          uniq_crazy_yiuf_cottage
D:3:      minmay_diamond_boxcup, layout_loops_ring,
          grunt_temple_overflow_bloody_war, nicolae_ru_sacrificial_ziggurat,
          nicolae_underground_beach, uniq_grinder, uniq_sigmund

Skill      XL: |  1  2  3 |
---------------+----------+-----
Spellcasting   | 4 |  4.5
Dodging        | |  2.1
Stealth        | |  1.5

Action                   |  1- 3 |  4- 6 || total
-------------------------+-------+-------++-------
Melee: Unarmed           |     2 |       ||     2
       Short sword       |     2 |     3 ||     5
 Cast: Freeze            |    19 |    18 ||    37
       Foxfire           |     4 |     2 ||     6
       Frozen Ramparts   |     1 |     1 ||     2
       Ozocubu's Armour  |       |     1 ||     1
  Use: Potion            |       |     3 ||     3
Armor: Robe              |     1 |     2 ||     3
Dodge: Dodged            |    17 |    12 ||    29

Table legend: (Time is in decaauts)
 A = Elapsed time spent in this place.
 B = Non-inter-level travel time spent in this place.
 C = Inter-level travel time spent in this place.
 D = Time resting spent in this place.
 E = Time spent auto-exploring this place.
 F = Levels seen in this place.
 G = Mean time per level.
                   A        B        C        D        E       F      G
               +--------+--------+--------+--------+--------+-----+--------+
         Total |   2103 |   2056 |     47 |      0 |   1832 |   3 |  701.0 |
       Dungeon |   2103 |   2056 |     47 |      0 |   1832 |   3 |  701.0 |
               +--------+--------+--------+--------+--------+-----+--------+

Top non-repeatable levels by time:
     D:2: 890 daAuts
     D:1: 674 daAuts
     D:3: 538 daAuts

Table legend:
 A = Kills in this place as a percentage of kills in entire the game.
 B = Kills by you in this place as a percentage of kills by you in the entire game.
 C = Kills by friends in this place as a percentage of kills by friends in the entire game.
 D = Other kills in this place as a percentage of other kills in the entire game.
 E = Experience gained in this place as a percentage of experience gained in the entire game.
 F = Experience gained in this place divided by the number of levels of this place that you have seen.
                   A       B       C       D       E      F
               +-------+-------+-------+-------+-------+----------------------
         Total | 100.0 | 100.0 |   N/A |   N/A | 100.0 |  37.0
       Dungeon | 100.0 | 100.0 |   N/A |   N/A | 100.0 |  37.0
               +-------+-------+-------+-------+-------+----------------------
